 Dungeon Crawl Stone Soup version 0.17-a0-1447-g3d113ad (webtiles) character file.

42062 Pihi the Severer (level 14, -4/130 HPs)
             Began as a Hill Orc Fighter on June 21, 2015.
             Was the Champion of Okawaru.
             Slain by a blink frog (shapeshifter) (7 damage)
             ... on level 15 of the Dungeon on June 29, 2015.
             The game lasted 01:10:08 (15656 turns).

Pihi the Severer (Hill Orc Fighter)                Turns: 15656, Time: 01:10:08

Health: -4/130     AC: 22    Str: 21    XL:     14   Next: 18%
Magic:  5/5        EV: 18    Int: 13    God:    Okawaru [******]
Gold:   954        SH: 12    Dex: 14    Spells: 0 memorised, 13 levels left

rFire  + . .     SeeInvis .     o - +6 trident of Xaotzeir {flame, rElec MR+ Str+2}
rCold  . . .     Clarity  +     B - +5 scale mail "Fuppioll" {rPois Regen+ Str-3 Int+3}
rNeg   . . .     SustAt   .     c - +0 shield
rPois  +         Gourm    .     A - +2 hat "Zodunt" {rElec}
rElec  +         Spirit   .     w - +1 cloak
rCorr  .         Warding  .     S - +1 pair of gloves {archery}
rMut   .         Stasis   .     m - +0 pair of boots
MR     ++...                    (no amulet)
Stlth  +.........               a - ring "Peygg" {rF+ MP-9 Str+2 Int+2 Stlth+}
                                k - +6 ring of evasion

@: very resistant to hostile enchantments, very unstealthy
A: clarity
a: Heroism, Finesse, Renounce Religion


You were on level 15 of the Dungeon.
You worshipped Okawaru.
Okawaru was exalted by your worship.
You were hungry.

You visited 4 branches of the dungeon, and saw 20 of its levels.
You also visited: Ice Cave.

You collected 1908 gold pieces.
You spent 954 gold pieces at shops.

Inventory:

Hand weapons
 d - a +4 battleaxe of chopping
 o - the +6 trident of Xaotzeir (weapon) {flame, rElec MR+ Str+2}
   (You found it on level 13 of the Dungeon)

   It has been specially enchanted to burn those struck by it, causing extra
   injury to most foes and up to half again as much damage against particularly
   susceptible opponents.
   It affects your strength (+2).
   It insulates you from electricity.
   It affects your resistance to hostile enchantments.
Missiles
 V - 19 poisoned needles
Armour
 c - a +0 shield (worn)
 m - a +0 pair of boots (worn)
 w - a +1 cloak (worn)
 A - the +2 hat "Zodunt" (worn) {rElec}
   (Okawaru gifted it to you on level 1 of the Lair of Beasts)

   It insulates you from electricity.
 B - the +5 scale mail "Fuppioll" (worn) {rPois Regen+ Str-3 Int+3}
   (You bought it in a shop on level 3 of the Orcish Mines)

   It affects your strength (-3).
   It affects your intelligence (+3).
   It protects you from poison.
   It increases your rate of regeneration.
 K - the +3 ring mail "Wefetz" {*Contam Regen+ rCorr}
   (You found it on level 5 of the Dungeon)

   It causes magical contamination when unequipped.
   It increases your rate of regeneration.
   It protects you from acid and corrosion.
 S - a +1 pair of gloves of archery (worn)
Rods
 P - a +1 lightning rod (12/12)
   (You found it on level 12 of the Dungeon)
Jewellery
 a - the ring "Peygg" (right hand) {rF+ MP-9 Str+2 Int+2 Stlth+}
   (You found it on level 14 of the Dungeon)

   [ring of protection from fire]

   It affects your strength (+2).
   It affects your intelligence (+2).
   It protects you from fire.
   It affects your magic capacity (-9).
   It makes you more stealthy.
 b - an uncursed ring of protection from fire
 k - a +6 ring of evasion (left hand)
 u - an uncursed ring of positive energy
 D - an uncursed ring of sustain attributes
 X - an uncursed ring of protection from cold
 Y - a +3 ring of protection
Magical devices
 q - a wand of paralysis (17)
 G - a wand of digging (24)
 R - a wand of disintegration (14)
 U - a wand of fire (6)
Scrolls
 g - 5 scrolls of remove curse
 n - a scroll of blinking
 p - 5 scrolls of teleportation
 y - 3 scrolls of magic mapping
 C - a scroll of enchant armour
 E - a scroll of recharging
 J - a scroll of fog
 Q - 2 scrolls of immolation
Potions
 f - 2 potions of mutation
 i - a potion of cure mutation {unknown}
 j - a potion of haste {unknown}
 l - a potion of agility {unknown}
 r - a potion of might
 s - 2 potions of degeneration {unknown}
 z - 3 potions of magic
 H - 2 potions of flight
 I - 4 potions of cancellation
 L - 3 potions of curing
 O - a potion of invisibility {unknown}
 W - a potion of lignification {unknown}
 Z - a potion of brilliance {unknown}
Books
 x - a book of Air

   Spells                             Type                      Level
   a - Shock                          Conjuration/Air              1
   b - Swiftness                      Charms/Air                   2
   c - Repel Missiles                 Charms/Air                   2
   d - Static Discharge               Conjuration/Air              3
   e - Lightning Bolt                 Conjuration/Air              5
 N - the Papyrus of Sand
   (You found it on level 14 of the Dungeon)

   Spells                             Type                      Level
   a - Dazzling Spray                 Conjuration/Hexes            3
   b - Spectral Weapon                Hexes/Charms                 3
Miscellaneous
 h - a legendary deck of escape {drawn: 2}
Comestibles
 e - 10 bread rations
 t - 9 beef jerkies
 v - 11 meat rations
 F - 3 slices of pizza
 M - 4 fruits


   Skills:
 + Level 13.7 Fighting
 - Level 17.2(17.6) Axes
 * Level 5.5(11.3) Polearms
 + Level 11.5 Armour
 + Level 6.0 Dodging
 - Level 10.5 Shields


You had 13 spell levels left.
You didn't know any spells.

Dungeon Overview and Level Annotations

Branches:
Dungeon (15/15)            Temple (1/1) D:4            Lair (1/8) D:9
    Orc (3/4) D:12            Elf (0/3) Orc:3        Vaults (0/5) D:14
 Depths: D:15

Altars:
Cheibriados
Nemelex Xobeh
Okawaru
Qazlal
Sif Muna
Vehumet
Xom
Zin
Beogh

Shops:
Orc:3 *

Annotations:
D:9 exclusions: door and 1 more exclusion


Innate Abilities, Weirdness & Mutations

You possess an exceptional clarity of mind.


Message History

Things that are here:
a short sword; an elf corpse You puncture the blink frog!
You burn the blink frog.
The blink frog is heavily wounded.
The white ugly thing pecks you.
* * * LOW HITPOINT WARNING * * *
The white ugly thing freezes you!!
* * * LOW HITPOINT WARNING * * *
The blink frog hits you but does no damage.
Drink which item? (? for menu, Esc to quit)
You feel much better. You block the blink frog's attack.
You block the white ugly thing's attack.
The blink frog hits you but does no damage.
The white ugly thing pecks you.
* * * LOW HITPOINT WARNING * * *
The white ugly thing freezes you!!
* * * LOW HITPOINT WARNING * * *
You block the blink frog's attack. x2
The blink frog hits you!
You die...

≈≈. ##. ....###.. #
)...#...# #.###
........# ####C.....
........###)yy......
....#...##Fu##y.....
.........@.## .....
...#...#### ####
#...# #...# #..<#
#####


You could see a white ugly thing, a cyclops, a blink frog and 2 vampire
mosquitoes.

Vanquished Creatures
  Maud (D:10)
  A fire dragon (D:14)
  5 centaur warriors
  An ice dragon (Orc:2)
  2 tengu warriors (D:13)
  An ogre mage (D:13)
  2 deep troll earth magi (D:13)
  An unseen horror (D:13)
  2 wizards (D:14)
  9 ugly things
  6 hill giants
  A cyclops (D:14)
  A griffon (D:13)
  2 manticores (D:14)
  3 centaur zombies
  Joseph (D:9)
  A gargoyle (D:10)
  A centaur skeleton (D:13)
  2 spiny frogs (Lair:1)
  3 komodo dragons
  A tengu conjurer (D:13)
  The ghost of Frelus the Carver, an average MiBe of Trog (D:3)
  6 trolls
  A merfolk (D:9)
  2 polar bears (Orc:2)
  A blink frog (Lair:1)
  4 slime creatures
  2 wyverns
  A centaur simulacrum (D:14)
  A redback (shapeshifter) (D:14)
  A trapdoor spider (D:12)
  A shadow (D:13)
  21 yaks
  2 wraiths (D:13)
  5 hippogriffs
  5 hungry ghosts
  A yak (shapeshifter) (D:14)
  3 deep elf magi
  A wolf (Orc:2)
  A deep elf fighter (D:9)
  2 wargs
  5 water moccasins
  6 orc warriors
  2 mottled dragons
  Duvessa (D:5)
  3 porcupines (Lair:1)
  A necrophage (D:10)
  A wasp (D:9)
  4 black bears
  11 centaurs
  2 sky beasts
  4 eyes of draining
  2 phantoms
  A big kobold (D:14)
  14 ice beasts
  4 crocodiles
  10 ogres
  Blork the orc (D:5)
  Dowan (D:5)
  20 giant frogs
  4 scorpions
  A water moccasin skeleton (D:4)
  A wyvern zombie (D:10)
  4 wights (D:8)
  3 killer bees (D:9)
  An electric eel (Lair:1)
  2 quasits
  7 crimson imps
  8 orc wizards
  2 giant frog zombies
  5 orc priests
  4 giant frog skeletons
  5 jellies
  A gnoll shaman (D:3)
  Jessica (D:2)
  3 hounds
  Terence (D:3)
  8 iguanas
  12 worker ants
  2 hound skeletons
  A worker ant zombie (D:6)
  17 adders
  40 gnolls
  19 river rats
  5 shadow imps
  2 oozes (D:1)
  An adder skeleton (D:4)
  2 worms
  70 orcs
  2 ball pythons
  2 bat skeletons (D:5)
  A bat zombie (D:6)
  18 goblins
  23 hobgoblins
  38 jackals
  4 quokkas
  29 bats
  6 giant cockroaches
  A giant cockroach zombie (D:5)
  8 giant geckos
  6 giant newts
  A jackal skeleton (D:5)
  32 kobolds
  A quokka skeleton (D:9)
  24 rats
  3 fungi (D:9)
633 creatures vanquished.

Vanquished Creatures (others)
  A polar bear (Orc:2)
  A fungus (D:9)
2 creatures vanquished.

Grand Total: 635 creatures vanquished

Notes
Turn   | Place    | Note
--------------------------------------------------------------
     0 | D:1      | Pihi the Hill Orc Fighter began the quest for the Orb.
     0 | D:1      | Reached XP level 1. HP: 19/19 MP: 1/1
    12 | D:1      | Reached XP level 2. HP: 24/26 MP: 2/2
   118 | D:1      | Reached skill level 4 in Axes
   252 | D:1      | Reached XP level 3. HP: 23/31 MP: 3/3
   465 | D:1      | Reached skill level 5 in Axes
   829 | D:2      | Noticed Jessica
   835 | D:2      | Killed Jessica
   835 | D:2      | Reached XP level 4. HP: 31/39 MP: 4/4
   889 | D:2      | Reached skill level 6 in Axes
  1378 | D:2      | Found a glowing silver altar of Zin.
  1532 | D:3      | Noticed Frelus's ghost (average MiBe)
  1646 | D:3      | Reached XP level 5. HP: 45/45 MP: 5/5
  1743 | D:3      | Reached skill level 7 in Axes
  2023 | D:3      | Reached skill level 8 in Axes
  2023 | D:3      | Reached XP level 6. HP: 45/51 MP: 6/6
  2216 | D:3      | Killed Frelus's ghost
  2216 | D:3      | Reached XP level 7. HP: 30/60 MP: 7/7
  2454 | D:3      | Reached skill level 5 in Fighting
  2469 | D:3      | Reached skill level 9 in Axes
  2502 | D:3      | Noticed an ogre
  2543 | D:3      | Killed an ogre
  2551 | D:3      | Reached skill level 5 in Shields
  2632 | D:3      | Reached XP level 8. HP: 36/70 MP: 8/8
  2742 | D:3      | Noticed Terence
  2750 | D:3      | Killed Terence
  2989 | D:4      | Reached skill level 10 in Axes
  3441 | D:4      | Found a staircase to the Ecumenical Temple.
  3462 | Temple   | Entered the Ecumenical Temple
  3468 | Temple   | Became a worshipper of Warmaster Okawaru
  3531 | D:5      | Entered Level 5 of the Dungeon
  3538 | D:5      | Noticed Blork the orc
  3556 | D:5      | Killed Blork the orc
  3831 | D:5      | Reached XP level 9. HP: 79/79 MP: 9/9
  3990 | D:5      | Found a shimmering altar of Xom.
  4201 | D:5      | Noticed Duvessa
  4204 | D:5      | Noticed Dowan
  4219 | D:5      | Killed Duvessa
  4231 | D:5      | Killed Dowan
  4567 | D:5      | Got a bloodstained ring mail
  4568 | D:5      | Identified the +3 ring mail "Wefetz" {*Contam Regen+ rCorr} (You found it on level 5 of the Dungeon)
  4726 | D:6      | Acquired Okawaru's first power
  4828 | D:6      | Reached skill level 11 in Axes
  6314 | D:8      | Found a snail-covered altar of Cheibriados.
  6755 | D:8      | Reached XP level 10. HP: 91/91 MP: 10/10
  6900 | D:8      | Found a sparkling altar of Nemelex Xobeh.
  6933 | D:8      | Reached skill level 5 in Armour
  7081 | D:9      | Reached skill level 12 in Axes
  7256 | D:9      | Noticed Joseph
  7271 | D:9      | Killed Joseph
  7290 | D:9      | Found a deep blue altar of Sif Muna.
  7798 | D:9      | Found a staircase to the Lair.
  7814 | Lair:1   | Entered Level 1 of the Lair of Beasts
  7830 | D:10     | Entered Level 10 of the Dungeon
  7872 | D:10     | Reached skill level 10 in Fighting
  8088 | D:9      | Reached skill level 13 in Axes
  8088 | D:9      | Reached XP level 11. HP: 87/100 MP: 11/11
  8092 | D:9      | Upgraded the game from 0.17-a0-1403-g9df874c to 0.17-a0-1409-ge6d9485
  8370 | D:10     | Acquired Okawaru's second power
  8463 | D:10     | Reached skill level 10 in Shields
  8464 | D:10     | Noticed Maud
  8658 | D:10     | Killed Maud
  9190 | D:11     | Noticed a hill giant
  9569 | D:10     | Reached skill level 14 in Axes
  9682 | D:11     | Reached skill level 1 in Dodging
  9937 | D:12     | Reached XP level 12. HP: 72/110 MP: 12/12
  9989 | D:12     | Found a staircase to the Orcish Mines.
 10637 | D:11     | Killed a hill giant
 10637 | D:11     | Received a gift from Okawaru
 10637 | D:11     | Reached skill level 15 in Axes
 10752 | Orc:1    | Entered Level 1 of the Orcish Mines
 10792 | Orc:1    | Found a roughly hewn altar of Beogh.
 11339 | Orc:2    | Found a frozen archway.
 11340 | Orc:2    | Noticed an ice dragon
 11386 | Orc:2    | Killed an ice dragon
 11456 | IceCv    | Entered an ice cave
 11892 | Orc:3    | Found a staircase to the Elven Halls.
 11897 | Orc:3    | Noticed a stone giant
 11954 | Orc:3    | Found Ihosmes's General Store.
 11997 | Orc:3    | Bought the +5 scale mail "Fuppioll" {rPois Regen+ Str-3 Int+3} for 562 gold pieces
 11997 | Orc:3    | Bought a legendary deck of escape for 364 gold pieces
 12015 | Orc:3    | Gained mutation: You possess an exceptional clarity of mind. [mutagenic glow]
 12357 | D:13     | Found a stormy altar of Qazlal.
 12523 | D:13     | Reached skill level 10 in Armour
 12528 | D:13     | Noticed a catoblepas
 12696 | D:13     | Noticed a deep troll earth mage
 12696 | D:13     | Noticed a centaur warrior
 12696 | D:13     | Noticed a centaur warrior
 12696 | D:13     | Noticed an ogre mage
 12696 | D:13     | Noticed a centaur warrior
 12697 | D:13     | Noticed a deep troll earth mage
 12698 | D:13     | Noticed a tengu warrior
 12819 | Lair:1   | Reached skill level 16 in Axes
 12839 | Lair:1   | Reached XP level 13. HP: 54/119 MP: 13/13
 13106 | Lair:1   | Received a gift from Okawaru
 13113 | Lair:1   | Got a slimy hat {god gift}
 13124 | Lair:1   | Identified the +2 hat "Zodunt" {rElec} (Okawaru gifted it to you on level 1 of the Lair of Beasts)
 13213 | Lair:1   | Noticed an eight-headed hydra
 13257 | D:9      | Upgraded the game from 0.17-a0-1409-ge6d9485 to 0.17-a0-1447-g3d113ad
 13496 | D:13     | Killed a tengu warrior
 13501 | D:13     | Killed a deep troll earth mage
 13617 | D:13     | Killed a centaur warrior
 13711 | D:13     | Noticed a tengu warrior
 13732 | D:13     | Killed a tengu warrior
 13793 | D:13     | Reached skill level 5 in Dodging
 13885 | D:13     | Killed an ogre mage
 13885 | D:13     | Reached skill level 17 in Axes
 13921 | D:13     | Killed a centaur warrior
 13928 | D:13     | Killed a deep troll earth mage
 14020 | D:13     | Got a crystal trident
 14031 | D:13     | Identified the +6 trident of Xaotzeir {flame, rElec MR+ Str+2} (You found it on level 13 of the Dungeon)
 14056 | D:13     | Killed a centaur warrior
 14056 | D:13     | Reached skill level 1 in Polearms
 14108 | D:13     | Received a gift from Okawaru
 14269 | D:14     | Got a twitching iron ring
 14417 | Orc:3    | Bought a scroll of identify for 28 gold pieces
 14419 | Orc:3    | Identified the ring "Peygg" {rF+ MP-9 Str+2 Int+2 Stlth+} (You found it on level 14 of the Dungeon)
 14946 | D:14     | Identified the Papyrus of Sand (You found it on level 14 of the Dungeon)
 14960 | D:14     | Identified Ts'ui Pên's Grimoire of Forking Paths (You found it on level 14 of the Dungeon)
 14968 | D:14     | Identified the Handbook of Plaster Cramp (You found it on level 14 of the Dungeon)
 15080 | D:14     | Reached XP level 14. HP: 98/129 MP: 5/14
 15183 | D:14     | Found a gate to the Vaults.
 15388 | D:14     | Reached skill level 5 in Polearms
 15598 | D:15     | Entered Level 15 of the Dungeon
 15654 | D:15     | HP: 2/130 [white ugly thing (31)]
 15656 | D:15     | Slain by a blink frog (shapeshifter)

Vault maps used:
D:1:      dpeg_arrival_ternary, hex_large, minmay_ruptured
D:2:      zin_statuary, uniq_jessica
D:3:      lemuel_castle_with_subvaults, uniq_terence
D:4:      temple_green, first_bread, grunt_ministairs_10
D:5:      nicolae_overflow_crystal_walls, dk_noncrumbling_2, uniq_duvessa,
          uniq_blork_the_orc
D:7:      corexii_shantytown
D:8:      minitemple
D:9:      led_sif_book, grunt_lair_entry_elf_guard_hut, hangedman_fish_farm,
          minmay_door_square, uniq_joseph
D:10:     grunt_ministairs_14, st_stairs_11, uniq_maud
D:12:     orc_0_dummy
D:13:     minmay_expanding_squares, basic_altar
D:14:     david_vaults_4, bh_hangedman_babel_library
D:15:     grunt_enter_depths_giant_problem, nrook_uturn, serial_shops,
          nicolae_shop_window_shopping
Temple:   water_room_temple_a_12
Lair:1:   wad_woods_structure_01, infiniplex_staircase_pool
Orc:1:    basic_altar
Orc:2:    portal_ice_cave_entry_animals_and_master
Orc:3:    serial_shops, shop, nicolae_orc_pool_cavern
IceCv:    ice_cave_small_dragons

Action                   |  1- 3 |  4- 6 |  7- 9 | 10-12 | 13-15 || total
-------------------------+-------+-------+-------+-------+-------++-------
Melee: War axe           |   120 |   215 |   675 |   481 |       ||  1491
       Battleaxe         |       |       |       |   371 |   215 ||   586
       Trident           |       |       |       |       |   240 ||   240
Invok: Heroism           |       |       |       |     2 |     1 ||     3
Evoke: Deck              |       |       |       |       |     2 ||     2
  Use: Scroll            |       |     1 |     2 |    18 |     6 ||    27
       Potion            |       |     1 |       |     9 |     1 ||    11
 Stab: Fleeing           |       |       |       |     1 |       ||     1
  Eat: Chunk             |       |     5 |    16 |    20 |     9 ||    50
       Fruit             |       |       |       |     1 |     1 ||     2
